 Dungeon Crawl Stone Soup version 0.23-a0-644-gb60d84b635 (webtiles) character file.

289 HereIgoKillingAgain the Insei (level 6, 0/47 HPs)
             Began as a Demonspawn Gladiator on Jan 1, 2019.
             Succumbed to a hornet's poison
             ... on level 4 of the Dungeon.
             The game lasted 00:02:16 (2699 turns).

HereIgoKillingAgain the Insei (DsGl)                Turns: 2699, Time: 00:02:16

Health: 0/47       AC:  3    Str: 14    XL:     6   Next: 9%
Magic:  6/6        EV: 14    Int: 10    God:
Gold:   92         SH:  0    Dex: 16    Spells: 5/5 levels left

rFire    . . .     SeeInvis .     - Unarmed
rCold    . . .     Gourm    .   (no shield)
rNeg     . . .     Faith    .   a - +0 leather armour
rPois    .         Spirit   .   (helmet unavailable)
rElec    .         Reflect  .   (no cloak)
rCorr    .         Harm     .   (no gloves)
MR       .....                  (no boots)
Stlth    +.........             (no amulet)
HPRegen  0.15/turn              (no ring)
MPRegen  0.10/turn              (no ring)

@: lethally poisoned (0 -> -15), slowed, very slow
A: horns 3, spiny 1
a: no special abilities


You were on level 4 of the Dungeon.
You were near starving.

You visited 1 branch of the dungeon, and saw 4 of its levels.

You collected 92 gold pieces.

Inventory:

Missiles
 c - 3 throwing nets (quivered)
Armour
 a - a +0 leather armour (worn)
 b - a +0 helmet
Scrolls
 f - a scroll of identify
 h - a scroll of enchant armour {unknown}
 i - 2 scrolls of amnesia {unknown}
 j - a scroll of remove curse {unknown}
 k - a scroll of fog {unknown}
 n - a scroll of noise {unknown}
Potions
 g - a potion of cancellation {unknown}
 l - a potion of flight {unknown}
Comestibles
 d - 4 rations


   Skills:
 + Level 3.0 Fighting
 - Level 1.7 Throwing
 * Level 4.1 Dodging
 + Level 5.0 Unarmed Combat


You had 5 spell levels left.
You didn't know any spells.
Your spell library was empty.

Dungeon Overview and Level Annotations

Branches:
Dungeon (4/15)
 Temple: D:4-7

Altars:

Annotations:
D:3 3 runed doors, Tinylith's ghost, amateur NaFE


Innate Abilities, Weirdness & Mutations

You have a pair of large horns on your head.
You are partially covered in sharp spines.


Message History

The hornet stings you!
* * * LOW HITPOINT WARNING * * *
You feel as though you will be slow longer.
You feel much better.
You feel very sick. The hornet is struck by your spines. The hornet stings you!
* * * LOW HITPOINT WARNING * * *
You feel as though you will be slow longer.
The hornet stings you.
* * * LOW HITPOINT WARNING * * *
You feel as though you will be slow longer.
You aren't carrying any items that you can evoke.
Okay, then.
You hit the hornet but do no damage.
The hornet is severely wounded.
* * * LOW HITPOINT WARNING * * *
You feel sick. The hornet misses you. The hornet closely misses you.
You miss the hornet.
The hornet is heavily wounded.
You die...

#.###.# ..
#.....# # ...
##.....###.#
...+.........
...#.....$..
#.......#
#....y# #..@#
#+# ##.## #.#
#.#
#.#######.#
##.#.......#
##....#######
#.....#
##....#
#######.#.#


You could see a hornet.

Vanquished Creatures
  A scorpion (D:4)
  An orc wizard (D:3)
  An iguana (D:4)
  Jessica (D:3)
  4 adders
  An ooze (D:3)
  6 worms
  A dart slug (D:3)
  4 leopard geckos
  8 orcs (D:3)
  A giant cockroach (D:1)
  14 goblins
  9 hobgoblins
  4 jackals (D:2)
  9 kobolds
  A quokka (D:3)
  8 bats
  4 frilled lizards
  10 rats
88 creatures vanquished.

Notes
Turn   | Place    | Note
-------+----------+-------------------------------------------
     0 | D:1      | HereIgoKillingAgain the Demonspawn Gladiator began the
                  | quest for the Orb.
     0 | D:1      | Reached XP level 1. HP: 16/16 MP: 1/1
    34 | D:1      | Reached skill level 3 in Unarmed Combat
    74 | D:1      | Gained mutation: You are partially covered in sharp spines.
                  | [demonic ancestry]
    74 | D:1      | Reached XP level 2. HP: 20/22 MP: 2/2
   434 | D:1      | Gained mutation: You have a pair of small horns on your
                  | head. [demonic ancestry]
   434 | D:1      | Reached XP level 3. HP: 24/27 MP: 3/3
   597 | D:2      | Reached skill level 4 in Unarmed Combat
  1194 | D:2      | Reached XP level 4. HP: 23/33 MP: 4/4
  1765 | D:3      | Found a runed gate.
  1765 | D:3      | Noticed Tinylith's ghost (amateur NaFE)
  1765 | D:3      | Noticed a big kobold
  1787 | D:3      | Found a runed gate.
  1787 | D:3      | Found a runed gate.
  1853 | D:3      | Gained mutation: You have a pair of horns on your head.
                  | [demonic ancestry]
  1853 | D:3      | Reached XP level 5. HP: 39/39 MP: 5/5
  1868 | D:3      | Noticed Jessica
  1874 | D:3      | Killed Jessica
  2497 | D:4      | Reached skill level 5 in Unarmed Combat
  2497 | D:4      | Gained mutation: You have a pair of large horns on your
                  | head. [demonic ancestry]
  2497 | D:4      | Reached XP level 6. HP: 21/47 MP: 6/6
  2691 | D:4      | Noticed a hornet
  2698 | D:4      | HP: 2/47 [poisoned by a hornet]
  2699 | D:4      | Succumbed to a hornet's poison

Vault maps used:
D:1:      mrwooster_arrival_statue, minmay_misc_feat_encased, dk_noncrumbling_4
D:3:      first_ration, gammafunk_ghost_nasty_kobolds, uniq_jessica
D:4:      minmay_temple_entry_trees

Skill      XL: |  1  2  3  4  5 |
---------------+----------------+-----
Unarmed Combat | 3 4 5 |  5.0
Dodging        | 3 4 |  4.1
Fighting       | 3 |  3.0
Throwing       | |  1.7

Action                   |  1- 3 |  4- 6 || total
-------------------------+-------+-------++-------
Melee: Unarmed           |   105 |   106 ||   211
       Punch             |     2 |     3 ||     5
       Headbutt          |    11 |    20 ||    31
Throw: Throwing net      |       |     1 ||     1
  Use: Scroll            |       |     2 ||     2
       Potion            |       |     1 ||     1
 Stab: Sleeping          |       |     2 ||     2
  Eat: Chunk             |       |     4 ||     4
Armor: Leather armour    |    15 |     4 ||    19
Dodge: Dodged            |    54 |    45 ||    99

Table legend:
 A = Non-vault XP
 B = Vault XP
 C = Vault XP percentage of total XP
 D = Non-vault monster count
 E = Vault monster count
 F = Vault count percentage of total count
                 A         B        C        D         E       F
            +---------+---------+-------+---------+---------+-------
      Total |     376 |      37 |   9.0 |      87 |       1 |   1.1
            +---------+---------+-------+---------+---------+-------
        D:1 |      42 |       0 |   0.0 |      27 |       0 |   0.0
        D:2 |      71 |       0 |   0.0 |      28 |       0 |   0.0
        D:3 |     152 |      37 |  19.6 |      30 |       1 |   3.2
        D:4 |     111 |       0 |   0.0 |       2 |       0 |   0.0
            +---------+---------+-------+---------+---------+-------
